 Dungeon Crawl Stone Soup version 0.25.1-2-g60ff931df9 (webtiles) character file.

Game seed: 12740394228583931703

359 Acheron the Skirmisher (level 6, -3/38 HPs)
             Began as a Tengu Wanderer on Sept 26, 2020.
             Was a Believer of Elyvilon.
             Slain by a centaur (9 damage)
             ... on level 6 of the Dungeon.
             The game lasted 00:20:31 (4424 turns).

Acheron the Skirmisher (Tengu Wanderer)             Turns: 4424, Time: 00:20:32

Health: -3/38      AC:  2    Str: 11    XL:     6   Next: 65%
Magic:  9/9        EV: 16    Int: 15    God:    Elyvilon [**....]
Gold:   165        SH:  0    Dex: 14    Spells: 7/8 levels left

rFire    . . .     SeeInvis .   a - +2 spear
rCold    . . .     Gourm    .   (no shield)
rNeg     . . .     Faith    .   d - +0 robe
rPois    .         Spirit   .   x - +0 hat
rElec    .         Reflect  .   m - scarf {repulsion}
rCorr    +         Harm     .   (no gloves)
MR       .....                  (boots unavailable)
Stlth    ++........             (no amulet)
HPRegen  0.12/turn              u - +4 ring of evasion
MPRegen  0.11/turn              g - ring of resist corrosion

@: lethally poisoned (-3 -> -5), repel missiles
A: beak, talons 3, able to fly
a: Fly, Lesser Healing, Heal Other, Divine Protection, Renounce Religion


You were on level 6 of the Dungeon.
You worshipped Elyvilon.
Elyvilon was pleased with you.
You were not hungry.

You visited 2 branches of the dungeon, and saw 7 of its levels.

You collected 165 gold pieces.

Inventory:

Hand Weapons
 a - a +2 spear (weapon)
 j - a +1 whip of pain
 l - a +0 short sword
 A - a +0 hunting sling
Missiles
 e - 122 stones
 s - 15 poisoned darts (quivered)
Armour
 d - a +0 robe (worn)
 m - a scarf of repulsion (worn)
 x - a +0 hat (worn)
Jewellery
 g - a ring of resist corrosion (right hand)
 u - a +4 ring of evasion (left hand)
Wands
 r - a wand of flame (21)
Scrolls
 k - 2 scrolls of remove curse
 p - a scroll of magic mapping {unknown}
 q - 2 scrolls of teleportation
 t - a scroll of identify
Potions
 b - 5 potions of haste
 c - a potion of curing
 h - a potion of lignification {unknown}
 i - 2 potions of heal wounds {unknown}
 n - a potion of mutation {unknown}
 v - a potion of might {unknown}
 w - a potion of degeneration {unknown}
Comestibles
 f - 12 rations
 o - 4 chunks of flesh


   Skills:
 * Level 4.0 Fighting
 * Level 3.1 Polearms
 * Level 0.7 Throwing
 * Level 2.7 Armour
 * Level 1.9 Dodging
 * Level 2.3 Stealth
   Level 2.0 Shields
 * Level 1.7 Spellcasting
 * Level 1.9 Conjurations
 * Level 1.3 Fire Magic
   Level 2.6 Air Magic
 * Level 0.5 Invocations
 * Level 1.0 Evocations


You had 7 spell levels left.
You knew the following spells:

 Your Spells              Type           Power        Failure   Level  Hunger
a - Foxfire               Conj/Fire      #...         12%         1    ##.....

Your spell library contained the following spells:

 Spells                   Type           Power        Failure   Level  Hunger
 Stone Arrow              Conj/Erth      #.....       43%         3    ####...


Dungeon Overview and Level Annotations

Branches:
Dungeon (6/15)             Temple (1/1) D:5

Altars:
Cheibriados
Dithmenos
Elyvilon
Fedhas
Kikubaaqudgha
Nemelex Xobeh
Okawaru
Qazlal
Sif Muna
Uskayaw
Vehumet
Wu Jian
Xom
Yredelemnul
Zin
The Shining One

Annotations:
D:5 3 runed translucent doors, lllmatko's ghost, amateur HOMo
D:6 Eustachio


Innate Abilities, Weirdness & Mutations

You have a beak for a mouth.
You have claws for feet.
You can fly continuously.


Message History

You feel sick. The worker ant closely misses you.
You barely miss the worker ant.
You claw the worker ant, but do no damage.
You peck the worker ant.
You kill the worker ant!
Your Evocations skill increases to level 1!
The centaur shoots an arrow.
The arrow misses you.
The centaur unwields a +0 shortbow.
The centaur hits you but does no damage.
The centaur hits you.
You barely miss the centaur. You claw the centaur, but do no damage.
You peck the centaur, but do no damage.
You feel sick. The centaur hits you.
You hit the centaur. Your kick misses the centaur.
The centaur is lightly wounded.
The centaur barely misses you. The centaur hits you!
* * * LOW HITPOINT WARNING * * *
You closely miss the centaur.
The centaur is lightly wounded.
You feel sick. The centaur hits you!
You die...

## ##8##
##8...8
####.....
#(#@.....
#.##.....
######@##8...8
##.(.(.c# 8##
##.(######
###..##
##...##
####.S###
##(((a##
#..#### ##.##


You could see Eustachio and a centaur.

Vanquished Creatures
  A water moccasin (D:5)
  A hound (D:5)
  2 worker ants
  A hound skeleton (D:4)
  Robin (D:4)
  A gnoll (D:5)
  5 adders
  2 oozes
  An adder skeleton (D:5)
  3 dart slugs
  4 leopard geckos
  An orc (D:6)
  5 giant cockroaches
  17 goblins
  3 hobgoblins
  4 jackals
  5 kobolds
  2 quokkas
  A ball python (D:1)
  5 bats
  8 frilled lizards
  7 rats
80 creatures vanquished.

Vanquished Creatures (others)
  6 foxfires
6 creatures vanquished.

Grand Total: 86 creatures vanquished

Notes
Turn   | Place    | Note
-------+----------+-------------------------------------------
     0 | D:1      | Acheron the Tengu Wanderer began the quest for the Orb.
     0 | D:1      | Acheron set off with the following items: a +2 spear, a
                  | potion of curing, a +0 robe, a ration; and the following
                  | spell memorised: Foxfire; and the following spells
                  | available to memorise: Stone Arrow
     0 | D:1      | Reached XP level 1. HP: 14/14 MP: 3/3
   251 | D:1      | Reached XP level 2. HP: 19/19 MP: 1/4
   760 | D:1      | Reached XP level 3. HP: 22/23 MP: 6/6
  1097 | D:2      | Reached skill level 1 in Conjurations
  1224 | D:2      | Reached skill level 1 in Stealth
  1235 | D:2      | Reached skill level 1 in Polearms
  1241 | D:2      | Found a faded altar of an unknown god.
  1502 | D:2      | Reached XP level 4. HP: 28/28 MP: 7/7
  1767 | D:2      | Found a shimmering altar of Xom.
  1784 | D:2      | You fall into a shaft and drop 2 floors!
  1785 | D:4      | Found a glowing silver altar of Zin.
  2125 | D:4      | Found an ancient bone altar of Kikubaaqudgha.
  2140 | D:3      | Reached skill level 1 in Dodging
  2553 | D:2      | Found a glowing golden altar of the Shining One.
  2567 | D:2      | Found a hide-covered altar of Uskayaw.
  2683 | D:2      | Became a worshipper of Elyvilon the Healer
  2683 | D:2      | Reached * piety under Elyvilon
  2848 | D:4      | Noticed Robin
  2869 | D:4      | Killed Robin
  2869 | D:4      | Gained mutation: You can fly continuously. [Tengu growth]
  2869 | D:4      | Reached XP level 5. HP: 8/33 MP: 8/8
  2898 | D:4      | HP: 1/33 [worker ant (5)]
  3097 | D:5      | Entered Level 5 of the Dungeon
  3155 | D:5      | Found a staircase to the Ecumenical Temple.
  3161 | Temple   | Entered the Ecumenical Temple
  3407 | D:4      | Reached skill level 1 in Fire Magic
  3542 | D:4      | Reached ** piety under Elyvilon
  3557 | D:5      | Noticed a water moccasin
  3584 | D:5      | Killed a water moccasin
  3584 | D:5      | Reached skill level 4 in Fighting
  3584 | D:5      | Reached XP level 6. HP: 4/38 MP: 9/9
  3609 | D:5      | Found a runed translucent gate.
  3609 | D:5      | Found a runed translucent gate.
  3610 | D:5      | Found a runed translucent gate.
  3613 | D:5      | Noticed lllmatko's ghost (amateur HOMo)
  3704 | D:5      | Noticed a troll
  4411 | D:6      | Noticed Eustachio
  4420 | D:6      | Reached skill level 1 in Evocations
  4424 | D:6      | Slain by a centaur

Illustrated notes

Levels and vault maps discovered:
D:1:      doesnt_arrival_eight_statues, layout_loops_corners,
          minmay_three_crescents
D:2:      layout_loops_cross, xom_teletrap_fun, minitemple,
          chequers_ecumenical_altar_simple_redux, kennysheep_generic_room_4
D:3:      layout_loops_corners, nicolae_ru_great_annihilating_truth
D:4:      layout_basic, nicolae_overflow_crystal_walls,
          kiku_gazebo_garden_becter, first_ration, uniq_robin
D:5:      layout_loops_ring, minmay_temple_entry_hall, gammafunk_ghost_split,
          minmay_ruined_shrine
D:6:      layout_rooms, nicolae_overflow_hidden_temple, kennysheep_mini,
          serial_shops, nicolae_shop_temple_entry_statues_fountains,
          kennysheep_mini_moat, nicolae_shop_behind_doors,
          nicolae_shop_temple_entry_statues_fountains,
          nicolae_shop_competitors_out_of_business, uniq_eustachio
Temple:   cyrus_temple_forest

Skill      XL: |  1  2  3  4  5  6 |
---------------+-------------------+-----
Conjurations   | 1 |  1.9
Stealth        | 1 2 |  2.3
Polearms       | 1 2 3 |  3.1
Dodging        | 1 |  1.9
Fire Magic     | 1 |  1.3
Fighting       | 4 |  4.0
Evocations     | 1 |  1.0
Throwing       | |  0.7
Armour         | |  2.7
Shields        | |  2.0
Spellcasting   | |  1.7
Air Magic      | |  2.6
Invocations    | |  0.5

Action                   |  1- 3 |  4- 6 || total
-------------------------+-------+-------++-------
Melee: Spear             |    81 |   138 ||   219
       Kick              |     6 |    34 ||    40
       Peck              |     5 |    19 ||    24
Throw: Dart              |       |     7 ||     7
 Cast: Foxfire           |     2 |     1 ||     3
Evoke: Wand              |       |     1 ||     1
  Use: Potion            |     1 |     6 ||     7
       Scroll            |       |     6 ||     6
 Stab: Sleeping          |     2 |     3 ||     5
       Distracted        |     1 |       ||     1
  Eat: Chunk             |     2 |     7 ||     9
       Ration            |       |     1 ||     1
Armor: Robe              |     6 |    18 ||    24
Dodge: Dodged            |    49 |    85 ||   134
       Repelled          |       |     6 ||     6
